Cogmind - Beta 10.1 @@@ ROGUE MODE // 2020.10.06 @ 21:59:22 Player: NoNeedToExplain Result: Destroyed by H-55 Commando with Gauss Rifle Performance ------------- Evolutions (2) 1000 Regions Visited (9) 1800 Robots Destroyed (169) 845 Value Destroyed (5676) 5676 Prototype IDs (7) 140 Alien Tech Used (0) 0 Bonus (2019) 2019 TOTAL SCORE: 11480 Bonus ------- High Alert Combat Kills 1080 Follower Combat Kills 239 Entered Garrisons 200 Used RIF Installer 500 Cogmind --------- Core Integrity 0/550 Matter 252/300 Energy 80/100 System Corruption 0% Temperature Cool (0) Movement Treading (210) Ox2 Location -8/Materials Parts ------- > --- POWER (1) -------- (None) > --- PROPULSION (2) --- Armored Treads Armored Treads > --- UTILITY (6) ------ Large Storage Unit High-capacity Storage Unit High-capacity Storage Unit Relay Coupler [Grunt] (6) Relay Coupler [Hunter] (16) > --- WEAPON (2) ------- High-powered Shotgun Improved Datajack > --- INVENTORY (26) --- Light Nuclear Core Light Treads Armored Treads Advanced Heat Sink Large Storage Unit High-capacity Matter Pod (200) Reactive Plating Reactive Plating Relay Coupler [NC] (28) Relay Coupler [NC] (23) Relay Coupler [NC] (22) Relay Coupler [NC] (27) Relay Coupler [Grunt] (24) Relay Coupler [Demolisher] (24) Relay Coupler [Hunter] (13) Relay Coupler [Hunter] (12) Relay Coupler [Hunter] (12) Plasma Cannon Plasma Cannon Gauss Rifle Rocket Launcher Mini Grenade Launcher Improved Grenade Launcher Heavy Flail Peak State ------------ > --- POWER ------------ Light Nuclear Core > --- PROPULSION ------- Armored Treads Armored Treads > --- UTILITY ---------- Advanced Heat Sink Large Storage Unit High-capacity Storage Unit High-capacity Storage Unit Improved Targeting Computer Reactive Plating > --- WEAPON ----------- Shock Rifle Plasma Cannon > --- INVENTORY -------- Light Nuclear Core Reinforced Deuterium Engine Fission Core Fission Core Light Treads Light Treads Armored Treads Armored Treads Large Storage Unit High-capacity Matter Pod Improved Targeting Computer Heavy Armor Plating Relay Coupler [NC] Relay Coupler [Swarmer] Relay Coupler [Grunt] Relay Coupler [Brawler] EM Pulse Cannon Plasma Cannon Plasma Cannon Rocket Launcher Rocket Launcher Mini Grenade Launcher Improved Grenade Launcher Improved Datajack Heavy Flail [Rating: 36] Favorites ----------- Power Reinforced Ion Engine Engine Reinforced Ion Engine Power Core Light Nuclear Core Propulsion Light Treads Treads Light Treads Leg Aluminum Leg Wheel Compact Wheel Utility High-capacity Storage Unit Device Disposable Heat Sink Storage High-capacity Storage Unit Processor Armor Integrity Analyzer Hackware Relay Coupler [Brawler] Protection Medium Armor Plating Weapon Autogun Energy Gun Improved Medium Laser Energy Cannon Advanced Beam Cannon Ballistic Gun Autogun Ballistic Cannon Advanced Assault Cannon Launcher Shock Bomb Launcher Impact Weapon Heavy Flail Slashing Weapon Mining Claw Special Melee Weapon Improved Datajack Build | -11 -10 -10 -9 -9 -9 -8 -8 -8 -8 ------- Run | Scr Mat Min Mat Min Exi Min Mat Gar Mat Slots Evolved 4 | . . . 2 . . . 2 . . Power . | . . . . . . . . . . Propulsion . | . . . . . . . . . . Utility 4 | . . . 2 . . . 2 . . Weapon . | . . . . . . . . . . Parts Attached 122 | 6 12 . 33 . 2 3 43 17 6 Power 11 | 1 1 . 3 . 2 . 3 1 . Engine 8 | 1 1 . 3 . 2 . 1 . . Core 3 | . . . . . . . 2 1 . Reactor . | . . . . . . . . . . Propulsion 25 | 2 4 . 10 . . . 8 1 . Treads 18 | . . . 9 . . . 8 1 . Leg 1 | . 1 . . . . . . . . Wheel 6 | 2 3 . 1 . . . . . . Hover . | . . . . . . . . . . Flight . | . . . . . . . . . . Utility 31 | 1 2 . 10 . . 1 10 4 3 Device 7 | . . . 3 . . . 3 1 . Storage 5 | 1 1 . 2 . . 1 . . . Processor 4 | . 1 . . . . . 3 . . Hackware 4 | . . . . . . . . 1 3 Protection 11 | . . . 5 . . . 4 2 . Artifact . | . . . . . . . . . . Weapon 55 | 2 5 . 10 . . 2 22 11 3 Energy Gun 12 | . 3 . 6 . . 2 1 . . Energy Cannon 12 | . . . 2 . . . 7 3 . Ballistic Gun 14 | 2 1 . 2 . . . 5 3 1 Ballistic Cannon 2 | . . . . . . . 2 . . Launcher 8 | . . . . . . . 5 3 . Special Weapon . | . . . . . . . . . . Impact Weapon 2 | . . . . . . . 2 . . Slashing Weapon 1 | . 1 . . . . . . . . Piercing Weapon . | . . . . . . . . . . Special Melee Weapon 4 | . . . . . . . . 2 2 Unidentified Prototypes 3 | . . . 1 . 1 1 . . . Parts Lost 39 | . 6 . 13 . . 2 12 4 2 Power 7 | . 1 . 1 . . . 3 1 1 Propulsion 8 | . 1 . 4 . . . 2 1 . Utility 9 | . . . 3 . . 1 4 . 1 Weapon 15 | . 4 . 5 . . 1 3 2 . Highest Loss Streak 5 | . 2 . 5 . . 2 2 2 1 Average Slot Usage (%) 96 | . 94 100 96 100 100 99 98 93 88 Engine 7 | . 11 14 10 11 11 11 6 . . Core 2 | . . . . . . . 2 8 7 Treads 17 | . . . 18 22 22 22 17 18 18 Wheel 2 | . 26 28 2 . . . . . . Device 7 | . . . 12 11 11 11 6 2 . Storage 22 | . 14 14 11 22 22 24 27 27 27 Processor 7 | . 13 14 7 . . . 14 5 . Hackware 1 | . . . . . . . . 4 9 Protection 7 | . . . 9 11 11 8 5 8 8 Energy Gun 5 | . 8 14 12 . . 11 1 2 . Energy Cannon 5 | . . . 5 11 11 7 4 6 7 Ballistic Gun 7 | . 17 . 4 11 11 2 7 5 7 Naked Turns . | . . . . . . . . . . Heaviest Build 111 | 9 40 39 89 89 89 97 109 111 111 Greatest Support 40 | 32 32 26 40 40 40 40 40 40 40 Greatest Overweight (x) 5 | . 2 1 2 2 2 2 5 2 2 Average Overweight (x) 1 | . . 1 1 2 2 2 2 2 2 Largest Inventory Capacity 26 | 6 12 12 20 20 20 26 26 26 26 Average Capacity 20 | 5 9 12 12 20 20 21 26 26 26 Most Carried 26 | 6 12 12 17 19 20 24 26 26 26 Average Carried 20 | 3 9 12 11 18 19 20 25 24 25 Final Capacity 26 | 6 12 12 20 20 20 26 26 26 26 Final Carried 26 | 6 12 12 17 19 20 24 26 26 24 Class Distribution -------------------- 61% | Hauler-Mutant 18% | Mutant 11% | Bothacker-Mutant 8% | Scavenger-Mutant Dominant Class ---------------- Mutant | -10/Materials Mutant | -10/Mines Mutant | -9/Materials Hauler-Mutant | -9/Mines Hauler-Mutant | -9/Exiles Hauler-Mutant | -8/Mines Hauler-Mutant | -8/Materials Hauler-Mutant | -8/Garrison Bothacker-Mutant | -8/Materials Resources | -11 -10 -10 -9 -9 -9 -8 -8 -8 -8 ----------- Run | Scr Mat Min Mat Min Exi Min Mat Gar Mat Matter Collected 2784 | 243 174 . 584 . . 77 1268 380 58 Remotely . | . . . . . . . . . . Salvage Created 6006 | . 667 . 1537 . . 297 2538 751 216 Parts 345 | . 36 . 94 . . 16 133 51 15 Haulers Intercepted 9 | . . . 3 . . . 4 . 2 Recyclers Shooed 4 | . 3 . . . . . 1 . . Parts Field Recycled . | . . . . . . . . . . Retrieved Matter . | . . . . . . . . . . Parts Self-Destructed . | . . . . . . . . . . Prevented . | . . . . . . . . . . Kills | -11 -10 -10 -9 -9 -9 -8 -8 -8 -8 ------- Run | Scr Mat Min Mat Min Exi Min Mat Gar Mat Combat Hostiles Destroyed 143 | . 12 . 37 . . 10 58 22 4 Guns 70 | . 12 . 29 . . 6 16 7 . Cannons 39 | . . . 7 . . 2 20 6 4 AOE 32 | . . . . . . 2 21 9 . Classes Destroyed 14 | . 4 . 7 . . 1 2 . . Worker 1 | . . . 1 . . . . . . Builder 2 | . 1 . . . . . 1 . . Hauler 9 | . . . 3 . . . 4 . 2 Recycler 4 | . 3 . 1 . . . . . . Mechanic 1 | . . . 1 . . . . . . Operator 3 | . . . 1 . . . 2 . . Watcher 6 | . . . 3 . . . 3 . . Swarmer 52 | . 4 . 15 . . 7 16 8 2 Grunt 57 | . 8 . 14 . . 2 27 6 . Brawler 3 | . . . 1 . . . . 2 . Duelist 3 | . . . . . . . 2 1 . Protector 2 | . . . . . . . 2 . . Sentry 22 | . . . 7 . . . 9 4 2 Hunter 4 | . . . . . . 1 2 1 . Best Kill Streak 10 | . 6 . 9 . . 4 6 10 2 Combat Bots Only 10 | . 3 . 9 . . 4 6 10 2 Max Kills in Single Turn 4 | . 1 . 2 . . 2 4 4 1 Gunslinging 1 | . . . 1 . . . 1 . . Exploded 4 | . . . . . . 2 4 4 . Melee . | . . . . . . . . . . Uniques/NPCs Destroyed . | . . . . . . . . . . Combat | -11 -10 -10 -9 -9 -9 -8 -8 -8 -8 -------- Run | Scr Mat Min Mat Min Exi Min Mat Gar Mat Damage Taken 7280 | . 586 12 1792 . . 417 3160 782 531 Core 896 | . 113 . 206 . . 26 389 96 66 Absorbed by Shields . | . . . . . . . . . . Core Remaining (%) 65 | 100 . 54 . . . 42 . . . Volleys Fired 396 | . 50 . 109 . . 22 144 52 19 Largest 2 | . 2 . 2 . . 2 2 2 2 Hottest 130 | . 115 . 124 . . 113 113 130 105 Shots Fired 739 | . 95 . 210 . . 44 268 91 31 Gun 461 | . 95 . 167 . . 32 116 37 14 Cannon 245 | . . . 43 . . 12 128 45 17 Launcher 33 | . . . . . . . 24 9 . Special . | . . . . . . . . . . Kinetic 313 | . 71 . 26 . . 8 171 23 14 Thermal 335 | . 24 . 184 . . 12 53 45 17 Explosive 14 | . . . . . . . 5 9 . Electromagnetic 77 | . . . . . . 24 39 14 . Robot Hit Streak 38 | . 38 . 20 . . 14 18 15 17 Robot Miss Streak 4 | . 3 . 3 . . 3 4 2 2 Penetration Max . | . . . . . . . . . . Secondary Targets 8 | . . . 7 . . . 1 . . Max Gunslinging Chain 1 | . . . 1 . . . 1 . . Shots Hit Robots 541 | . 80 . 144 . . 35 186 70 26 Core Hits 261 | . 32 . 58 . . 18 110 35 8 Critical Hits 10 | . 1 . 5 . . . 3 1 . Critical Kills 6 | . 1 . 2 . . . 2 1 . Critical Parts Destroyed 4 | . . . 3 . . . 1 . . Melee Attacks 8 | . . . . . . . 2 1 5 Impact 2 | . . . . . . . 2 . . Slashing . | . . . . . . . . . . Piercing . | . . . . . . . . . . Sneak Attacks 3 | . . . . . . . . . 3 Combat Hostiles . | . . . . . . . . . . Follow-up Attacks . | . . . . . . . . . . Damage Inflicted 11578 | . 767 . 2468 . . 725 5316 1821 481 Guns 5100 | . 767 . 1857 . . 429 1351 517 179 Cannons 3859 | . . . 611 . . 162 2000 784 302 Explosions 2619 | . . . . . . 134 1965 520 . Melee . | . . . . . . . . . . Ramming . | . . . . . . . . . . Kinetic 3538 | . 479 . 321 . . 42 2188 329 179 Thermal 4937 | . 288 . 2147 . . 296 1120 784 302 Explosive 1015 | . . . . . . . 495 520 . Electromagnetic 2088 | . . . . . . 387 1513 188 . Impact . | . . . . . . . . . . Slashing . | . . . . . . . . . . Piercing . | . . . . . . . . . . Highest Corruption 1 | . 1 1 1 1 1 1 . . . Average Corruption 1 | . 1 1 1 1 1 1 . . . Corruption Purged . | . . . . . . . . . . Effects 11 | . 2 . 3 . 3 3 . . . Message Errors 7 | . 2 . 1 . 2 2 . . . Energy Discharges 3 | . . . 1 . 1 1 . . . Data Loss (minor) 1 | . . . 1 . . . . . . Overload Shots . | . . . . . . . . . . Overflow Damage 110 | . . . . . . . 92 12 6 Projectiles 16 | . . . . . . . 6 4 6 Explosions 94 | . . . . . . . 86 8 . Melee . | . . . . . . . . . . Knockbacks 11 | . . . . . . . 11 . . Impact . | . . . . . . . . . . Kinetic 11 | . . . . . . . 11 . . Secondary . | . . . . . . . . . . Self-Inflicted Damage 162 | . . . . . . 48 81 33 . Shots 7 | . . . . . . 2 4 1 . Rammed . | . . . . . . . . . . Targets Rammed . | . . . . . . . . . . Kicked . | . . . . . . . . . . Crushed . | . . . . . . . . . . Highest Temperature 387 | . 152 . 270 . 183 199 387 303 237 Average Temperature 77 | . 52 . 70 . 90 96 71 99 88 Received Heat Transfer 2385 | . 228 . 447 . . 72 1278 234 126 Effects 2 | . . . 1 . . . 1 . . Energy Bleed 1 | . . . 1 . . . . . . Interference 1 | . . . . . . . 1 . . Siege Activations . | . . . . . . . . . . Robots Corrupted 1 | . . . . . . . 1 . . Combat Hostiles 1 | . . . . . . . 1 . . Parts Fried 9 | . . . . . . 4 5 . . Impact Corruptions . | . . . . . . . . . . Robots Melted 1 | . . . 1 . . . . . . Combat Hostiles 1 | . . . 1 . . . . . . Parts Melted 14 | . 1 . 7 . . . 1 3 2 Heat Transferred 9486 | . 716 . 4517 . . 496 1684 1473 600 Parts Sabotaged . | . . . . . . . . . . Parts Stolen . | . . . . . . . . . . Parts Stripped . | . . . . . . . . . . Power Chain Reactions 8 | . . . . . . 2 6 . . Missiles Intercepted . | . . . . . . . . . . Alert | -11 -10 -10 -9 -9 -9 -8 -8 -8 -8 ------- Run | Scr Mat Min Mat Min Exi Min Mat Gar Mat Peak Influence 1683 | . 145 20 515 78 . 171 1453 1683 820 Initial 944 | . . 20 7 78 . . . 944 820 Average 494 | . 50 20 331 78 . 56 453 1398 340 Maximum Alert Level 5 | . . . 2 . . . 4 5 3 Low Security (%) 43 | 100 100 100 18 100 . 100 44 . 61 Level 1 15 | . . . 41 . . . 17 . 2 Level 2 13 | . . . 39 . . . 9 . 17 Level 3 6 | . . . . . . . 6 19 19 Level 4 16 | . . . . . . . 21 56 . Level 5 3 | . . . . . . . . 24 . High Security . | . . . . . . . . . . Max Security . | . . . . . . . . . . Squads Dispatched 12 | . 3 . 3 . . . 6 . . Investigation 3 | . 1 . 2 . . . . . . Extermination . | . . . . . . . . . . Reinforcement 6 | . 2 . 1 . . . 3 . . Assault 3 | . . . . . . . 3 . . Garrison . | . . . . . . . . . . Intercept . | . . . . . . . . . . Construction Impeded . | . . . . . . . . . . Haulers Reinforced . | . . . . . . . . . . Stealth | -11 -10 -10 -9 -9 -9 -8 -8 -8 -8 --------- Run | Scr Mat Min Mat Min Exi Min Mat Gar Mat Distress Signals 11 | . 2 . 3 . . . 4 . 2 Communications Jammed . | . . . . . . . . . . Distress Signals . | . . . . . . . . . . Times Spotted 235 | . 20 10 61 . . 12 96 23 13 Peak Tracking Total 10 | . 5 10 9 . . 4 7 6 5 Tactical Retreats 9 | . 1 1 1 . . 2 3 . 1 Traps | -11 -10 -10 -9 -9 -9 -8 -8 -8 -8 ------- Run | Scr Mat Min Mat Min Exi Min Mat Gar Mat Traps Triggered 13 | . 1 . 3 . . . . 9 . Indirectly . | . . . . . . . . . . Trap Hack Attempts . | . . . . . . . . . . Triggered . | . . . . . . . . . . Disarmed . | . . . . . . . . . . Reprogrammed . | . . . . . . . . . . Reused . | . . . . . . . . . . Traps Extracted . | . . . . . . . . . . Installed . | . . . . . . . . . . Triggered . | . . . . . . . . . . Exploded 2 | . . . . . . . . 2 . Machines | -11 -10 -10 -9 -9 -9 -8 -8 -8 -8 ---------- Run | Scr Mat Min Mat Min Exi Min Mat Gar Mat Machines Disabled 19 | . . . 4 . . . 9 4 2 Max in Single Turn 1 | . . . 1 . . . 1 1 1 Garrison Relay 4 | . . . . . . . . 4 . Machines Sabotaged . | . . . . . . . . . . Garrisons Compromised . | . . . . . . . . . . Overloaded Fab Kills . | . . . . . . . . . . Fab Network Shutdowns . | . . . . . . . . . . Hacking | -11 -10 -10 -9 -9 -9 -8 -8 -8 -8 --------- Run | Scr Mat Min Mat Min Exi Min Mat Gar Mat Machines Accessed 30 | . 5 . 8 . 4 1 10 . 2 Terminals 23 | . 5 . 7 . . 1 8 . 2 Fabricators . | . . . . . . . . . . Repair Stations . | . . . . . . . . . . Recycling Units . | . . . . . . . . . . Scanalyzers 2 | . . . 1 . . . 1 . . Garrison Access 1 | . . . . . . . 1 . . Total Hacks 109 | . 18 . 38 . 4 4 37 . 8 Successful 73 | . 15 . 22 . 4 2 25 . 5 Failed 36 | . 3 . 16 . . 2 12 . 3 Catastrophic 8 | . 1 . 3 . . 1 3 . . Database Lockouts . | . . . . . . . . . . Manual 60 | . 10 . 26 . . 4 16 . 4 Terminals 87 | . 18 . 31 . . 4 26 . 8 Fabricators . | . . . . . . . . . . Repair Stations . | . . . . . . . . . . Recycling Units . | . . . . . . . . . . Scanalyzers 16 | . . . 7 . . . 9 . . Garrison Access 2 | . . . . . . . 2 . . Terminal Hacks 36 | . 11 . 8 . 4 2 8 . 3 Record 6 | . . . . . 4 . 2 . . Part Schematic 2 | . . . . . . 2 . . . Prototype ID Bank 2 | . 1 . . . . . 1 . . Branch Access Points 3 | . 1 . . . . . 1 . 1 Garrison Index 1 | . . . 1 . . . . . . Alert Level 6 | . 1 . 2 . . . 3 . . Unreport Threat 9 | . 2 . 4 . . . 1 . 2 Locate Traps 2 | . 2 . . . . . . . . Recall Investigation 1 | . 1 . . . . . . . . Recall Reinforcements 1 | . 1 . . . . . . . . Hauler Manifests 1 | . 1 . . . . . . . . Registered Components 1 | . 1 . . . . . . . . Zone Layout 1 | . . . 1 . . . . . . Fabricator Hacks . | . . . . . . . . . . Repair Station Hacks . | . . . . . . . . . . Recycling Unit Hacks . | . . . . . . . . . . Scanalyzer 16 | . . . 7 . . . 9 . . Insert Component 7 | . . . 3 . . . 4 . . Analyze 9 | . . . 4 . . . 5 . . Garrison Access Hacks 1 | . . . . . . . 1 . . Unlock Access 1 | . . . . . . . 1 . . Unauthorized Hacks 20 | . 4 . 7 . . . 7 . 2 Terminals 20 | . 4 . 7 . . . 7 . 2 Track 5 | . 1 . 1 . . . 2 . 1 Botnet 15 | . 3 . 6 . . . 5 . 1 Fabricators . | . . . . . . . . . . Repair Stations . | . . . . . . . . . . Recycling Units . | . . . . . . . . . . Scanalyzers . | . . . . . . . . . . Garrison Access . | . . . . . . . . . . Data Cores Recovered 2 | . . . 1 . . . 1 . . Used 2 | . . . 1 . . . 1 . . Hacking Detections 24 | . 5 . 7 . . 1 9 . 2 Full Trace Events 2 | . 1 . 1 . . . . . . Feedback Events . | . . . . . . . . . . Feedback Blocked . | . . . . . . . . . . Robot Schematics Acquired . | . . . . . . . . . . Robots Built . | . . . . . . . . . . Matter . | . . . . . . . . . . Time . | . . . . . . . . . . Total Robot Build Rating . | . . . . . . . . . . Part Schematics Acquired 9 | . . . 3 . . 2 4 . . Parts Built . | . . . . . . . . . . Matter . | . . . . . . . . . . Time . | . . . . . . . . . . Total Part Build Rating . | . . . . . . . . . . Parts Repaired . | . . . . . . . . . . Time . | . . . . . . . . . . Parts Recycled . | . . . . . . . . . . Recycled Matter . | . . . . . . . . . . Retrieved Matter . | . . . . . . . . . . Retrieved Components . | . . . . . . . . . . Parts Scanalyzed 7 | . . . 3 . . . 4 . . Part Schematics Acquired 7 | . . . 3 . . . 4 . . Parts Damaged . | . . . . . . . . . . Bothacking | -11 -10 -10 -9 -9 -9 -8 -8 -8 -8 ------------ Run | Scr Mat Min Mat Min Exi Min Mat Gar Mat Used RIF Installer 1 | . . . . . . . . 1 . Robots Hacked 4 | . . . . . . . . 1 3 Non-combat 1 | . . . . . . . . . 1 Combat 3 | . . . . . . . . 1 2 Robot Hacks Applied 6 | . . . . . . . . 1 5 purge_threat 3 | . . . . . . . . . 3 overwrite_iff 1 | . . . . . . . . . 1 formatsys_high 2 | . . . . . . . . 1 1 Relay Couplers Released 15 | . . . . . . . . 15 . Machine Destruction 15 | . . . . . . . . 15 . Attached 4 | . . . . . . . . 1 3 Robots Rewired . | . . . . . . . . . . Allies Hacked . | . . . . . . . . . . Hacks Repelled . | . . . . . . . . . . Allies | -11 -10 -10 -9 -9 -9 -8 -8 -8 -8 -------- Run | Scr Mat Min Mat Min Exi Min Mat Gar Mat Total Allies 4 | . . 1 . . . . . 1 2 Largest Group 2 | . . 1 1 . . . . 1 2 Highest-Rated Group 45 | . . 31 31 . . . . 10 45 Highest-Rated Ally 31 | . . 31 31 . . . . 10 29 Total Orders . | . . . . . . . . . . Ally Attacks 48 | . . . 31 . . . . 4 13 Total Damage 607 | . . . 376 . . . . 64 167 Kills 12 | . . . 10 . . . . . 2 Allies Corrupted . | . . . . . . . . . . Allies Melted . | . . . . . . . . . . Intel | -11 -10 -10 -9 -9 -9 -8 -8 -8 -8 ------- Run | Scr Mat Min Mat Min Exi Min Mat Gar Mat Robot Analysis Total . | . . . . . . . . . . Derelict Logs Recovered . | . . . . . . . . . . Drone Launches . | . . . . . . . . . . Drone Recoveries . | . . . . . . . . . . Exploration | -11 -10 -10 -9 -9 -9 -8 -8 -8 -8 ------------- Run | Scr Mat Min Mat Min Exi Min Mat Gar Mat Turns Passed 9442 | 66 590 58 1947 70 991 904 2913 1393 510 Spaces Moved 4185 | 52 389 59 876 35 493 402 1138 545 196 Core 1 | 1 . . . . . . . . . Treads 3529 | . . . 720 35 493 402 1138 545 196 Legs . | . . . . . . . . . . Wheels 655 | 51 389 59 156 . . . . . . Hover . | . . . . . . . . . . Flight . | . . . . . . . . . . Fastest Speed 50 | 50 100 100 100 200 200 200 200 210 210 Average Speed 184 | 99 102 100 167 200 200 200 205 210 210 Slowest Speed 270 | 100 120 100 200 200 200 200 270 210 210 Overloaded Moves . | . . . . . . . . . . Propulsion Burnouts . | . . . . . . . . . . Robots Hopped . | . . . . . . . . . . Cave-ins Triggered . | . . . . . . . . . . Exploration Rate (%) 56 | 3 63 23 84 8 91 86 93 87 22 Regions Visited 9 Branch Regions 4 Pre-discovered Areas . | . . . . . . . . . . Known Exits Taken 2 | . 1 . . . . . 1 . . Unknown Exits Taken 6 | 1 . 1 1 1 1 1 . . . Scrap Searched 2 | . . . . 1 . 1 . . . Spaces Dug 2 | . . . . . . . 2 . . Terrain Destroyed 97 | . . . . . . 9 75 10 3 Melee 2 | . . . . . . . 2 . . Projectile 29 | . . . . . . . 25 1 3 AOE 66 | . . . . . . 9 48 9 . Terrain Rammed . | . . . . . . . . . . Walls Destroyed . | . . . . . . . . . . Machines Disabled . | . . . . . . . . . . Actions | -11 -10 -10 -9 -9 -9 -8 -8 -8 -8 --------- Run | Scr Mat Min Mat Min Exi Min Mat Gar Mat Total 5191 | 63 496 58 1157 36 499 461 1455 707 259 Wait 240 | . 34 . 67 . . 23 50 34 32 Move 4177 | 51 388 58 875 34 492 401 1138 544 196 Hop . | . . . . . . . . . . Pick Up 132 | 6 8 . 37 2 3 9 42 24 1 Fast Attach 25 | 6 5 . 9 . . . 5 . . Attach 38 | . 2 . 12 . 1 2 13 7 1 Detach 2 | . . . 1 . . . . 1 . Swap 60 | . 5 . 12 . 1 1 25 11 5 Drop 99 | . 4 . 35 . 2 3 36 19 . Fire 396 | . 50 . 109 . . 22 144 52 19 Melee 8 | . . . . . . . 2 1 5 Ram . | . . . . . . . . . . Kick . | . . . . . . . . . . Crush . | . . . . . . . . . . Escape Stasis 14 | . . . . . . . . 14 . Rewire . | . . . . . . . . . . Trap . | . . . . . . . . . . Miscellaneous . | . . . . . . . . . . Route ------- -11/Scrapyard -10/Materials -10/Mines -9/Materials (discovered 4 exits: *Mat x3 / [*Min]) -9/Mines -9/Exiles -8/Mines (discovered 2 exits: *Mat x2) -8/Materials (discovered 3 exits: [*Fac x2] / Gar) -8/Garrison (discovered 3 exits: *Mat x3) -8/Materials History --------- Turn | Location | Event 20 | -11/Scrapyard | Discovered new exit (range 15) 67 | -11/Scrapyard | Entered Materials 90 | -10/Materials | Identified exit to Mines 318 | -10/Materials | Build established: Mutant 657 | -10/Materials | Entered Mines 663 | -10/Mines | Assembled infested the area 668 | -10/Mines | Assisted by a Guerilla fighting off Assembled 700 | -10/Mines | Met a Derelict testing a Signal Generator 700 | -10/Mines | Discovered new exit (range 15) 715 | -10/Mines | Entered Materials 715 | -9/Materials | Accompanied by 1 ally 715 | -9/Materials | Evolved 2 slots: Utility x2 1015 | -9/Materials | Discovered new exit (range 11) 1217 | -9/Materials | Destroyed 8 combat bots 1384 | -9/Materials | Discovered new exit (range 4) 1553 | -9/Materials | Destroyed 7 combat bots 1654 | -9/Materials | Discovered new exit (range 13) 2039 | -9/Materials | Build established: Scavenger-Mutant 2076 | -9/Materials | Core integrity fell below 50% 2092 | -9/Materials | Lost 5 parts (1n2u2w) 2116 | -9/Materials | Destroyed 9 combat bots 2367 | -9/Materials | Discovered new exit (range 16) 2662 | -9/Materials | Entered Mines 2686 | -9/Mines | Received a Rocket Launcher from a helpful Derelict 2724 | -9/Mines | Deemed a non-threat by the Exiles lab entrance 2724 | -9/Mines | Discovered new exit (range 5) 2732 | -9/Mines | Entered Exiles 2732 | -9/Exiles | Found Exiles lab abandoned 2879 | -9/Exiles | Build established: Hauler-Mutant 3311 | -9/Exiles | Discovered new exit (range 11) 3723 | -9/Exiles | Entered Mines 4087 | -8/Mines | Discovered new exit (range 9) 4575 | -8/Mines | Discovered new exit (range 9) 4627 | -8/Mines | Entered Materials 4627 | -8/Materials | Evolved 2 slots: Utility x2 5191 | -8/Materials | Discovered new exit (range 7) 5671 | -8/Materials | Discovered new exit (range 15) 6064 | -8/Materials | Core integrity fell below 50% 6627 | -8/Materials | First assault squad dispatched 7540 | -8/Materials | Identified exit to Garrison 7540 | -8/Materials | Entered Garrison 7612 | -8/Garrison | Triggered checkpoint 7663 | -8/Garrison | Garrison Relay disabled 7940 | -8/Garrison | Triggered checkpoint 7978 | -8/Garrison | Triggered checkpoint 8018 | -8/Garrison | Triggered checkpoint 8034 | -8/Garrison | Core integrity fell below 20% 8063 | -8/Garrison | Destroyed 10 combat bots 8075 | -8/Garrison | Triggered checkpoint 8184 | -8/Garrison | Discovered new exit (range 8) 8239 | -8/Garrison | Installed Relay Interface Framework 8276 | -8/Garrison | Triggered checkpoint 8332 | -8/Garrison | Garrison Relay disabled 8540 | -8/Garrison | Triggered checkpoint 8598 | -8/Garrison | Garrison Relay disabled 8646 | -8/Garrison | Build established: Bothacker-Mutant 8658 | -8/Garrison | Discovered new exit (range 10) 8812 | -8/Garrison | Triggered checkpoint 8841 | -8/Garrison | Garrison Relay disabled 8912 | -8/Garrison | Discovered new exit (range 10) 8933 | -8/Garrison | Entered Materials 9443 | -8/Materials | Destroyed by H-55 Commando with Gauss Rifle Last Messages --------------- 09356_ W-25 Informer sends out distress signal. 09360_ S-10 Pest destroyed. 09373_ Processing Tank disabled. 09376_ Lgt. Nuclear Core destroyed. 09380_ Discarded Relay Coupler [NC]. 09381_ Jacked G-50 Soldier... >>overwrite_iff Rewriting IFF filter. 09384_ S-10 Pest destroyed. 09385_ U-05 Engineer builds a Door. 09385_ Jacked G-47 Trooper... >>formatsys_high Rerouting network defenses. Erasing system data. Installing primary routines, ETC: 6. 09386_ U-05 Engineer builds a Wall. 09422_ Slug penetrates Trooper 3a. 09434_ Penetrated by Slug. 09437_ Hvy. Armor Plating destroyed. 09443_ Penetrated by Slug. Map ----- +----------------------------------------------------+ | # #??????# #?????????? | | ###+#######??????# // #?????????? | | #?#!#????????????# // #?????????? | | ####?# ##########???# / #?????????? | | ?????#u# ! #???# " " #?????????? | | ?????# # #???# "R" #????????? | | ###### # #???# """ ##????????? | | o # """ #???###########?????????? | | + """""#???????????????????????? | | w=% # """""????????????????????????? | | ###+#### """"?????????????????????????? | | [ ![ # """??????########???????????? | | """ # ??????# ] ??????????? | | ] """ ###########???# ??????????? | | k""" # #???# """ """ #????????? | | """ +!! #???# """ """ #????????? | | "" #!= #???# """ """ #????????? | | =* # * #???# """ """ #????????? | | *=%%[ ###+########### """ """ #????????? | | #+######## + #????????? | | #%##?????# =% ######+#####????????? | | # #??????# #???# #### #??????? | | ??????# ##### #??????? | | ! ????### ^ #+###??????? | | #??????????? | | ############ T @ #??????????? | | ????????????# h #??????????? | | ## ????????????# #??????????? | | ?? #???????????# !! #??????????? | | ?? #???????????# !! ?????????? | | ?? #???????????# !! ????????? | | ?? ????????????# ???????? | | ?? ????????????# ??????? | | ?? ????????????# #######?????? | | ???????????????# #???????????? | | ???????????????# u """ #???????????? | | ???????????????# """ #???????????? | | ???????????????? "?" #???????????? | | ???????????????? ?? #???????????? | | ????????????????????? #???????????? | | ??????????????????????? ????????????? | | ????????????????????????????????????????? | | ????????????????????????????????????????? | | ????????????????????????????????????????? | | ????????????????????????????????????????? | | ????????????????????????????????????????? | | ????????????????????????????????????????? | | ????????????????????????????????????????? | | ????????????????????????????????????????? | | ????????????????????????????????????????? | +----------------------------------------------------+ Best States ------------- Heat Dissipation 50 Coolant Potential 50 Energy Generation 18 Energy Capacity 265 Matter Stores 300 Matter Capacity 300 Sight Range 16 Terrain Scan Density 10 Armor Coverage 600 Resistance: KI 20 Propulsion Shielding 33 Evasion (%) 40 Targeting Accuracy 6 Armor Integrity Analysis 33 Recoil Reduction 2 Relay Coupler Types 27 Relay Coupler Value 1 Item Schematics ----------------- Lgt. Assault Rifle | -9/Materials | Scanalyzed EM Shotgun | -9/Materials | Scanalyzed Hcp. Storage Unit | -9/Materials | Scanalyzed Arm. Wheel | -8/Mines | Hacked Arm. Treads | -8/Mines | Hacked Shock Bomb Launcher | -8/Materials | Scanalyzed Imp. Datajack | -8/Materials | Scanalyzed Rocket Launcher | -8/Materials | Scanalyzed Imp. Heat Sink | -8/Materials | Scanalyzed Robot Schematics ------------------ None Fabricated ------------ Nothing Alien Tech Used ----------------- None Achievements -------------- Slippery One Challenges ------------ None Game ------ Seed CloakingTerrabombCasing Manual? 0 Play Time 01:47:00 Cumulative 42.3 hours Start 2020.10.05 @ 23:19:03 End 2020.10.06 @ 21:59:22 Sessions 7 Manual Loads 0 Difficulty Rogue Special Mode None Game No. 31 Rogue 31 Adventurer 0 Explorer 0 Win Type - Total 3 Types 3/0/0/0/0/0/0/0/0 Lore% 24 Gallery% 40 Achievement% 34 Wizard Run 0 Options --------- ASCII 0 Keyboard 0 Movement Numpad Keybinds 0 Fullscreen 2 Font 24/Smallcaps Map View 76x50 Tactical HUD 1 Map Filters NONE Filters NONE Steam 1 RUN: 1b75854a-e545-431d-a6c6-7fd766dbd516